 Dungeon Crawl Stone Soup version 0.31.0-12-g77e489cdc1 (webtiles) character file.

Game seed: 15457588369763245351

2793 Cheops the Covert (level 9, -2/53 HPs)
             Began as an Octopode Shapeshifter on Feb 28, 2024.
             Was a Follower of Uskayaw.
             Killed by divine providence
             ... invoked by an orc priest
              (12 damage)
             ... on level 7 of the Dungeon.
             The game lasted 00:17:23 (6914 turns).

Cheops the Covert (Octopode Shapeshifter)           Turns: 6914, Time: 00:17:23

Health: -2/53      AC:  2    Str: 18    XL:     9   Next: 71%
Magic:  10/10      EV: 22    Int: 12    God:    Uskayaw [*.....]
Gold:   363        SH:  0    Dex: 11    Spells: 8/8 levels left

rFire   . .          .
                       - Unarmed
rCold   . . .        (shield currently unavailable)
rNeg    . . .        d - +1 hat
rPois   .            h - amulet of reflection
rElec   .            s - +5 ring of evasion
rCorr   .            (no ring)
SInv    .            (no ring)
Will    .....        (no ring)
Stlth   +            (no ring)
HPRegen 0.28/turn    (no ring)
MPRegen 0.12/turn    (no ring)
                     (no ring)

%: reflection
@: confused, about to teleport, flux-form, ambrosia-drunk, glowing, studying
Invocations
A: glow, contaminating, almost no armour, amphibious, 8 rings, camouflage 1,
gelatinous body 1, (nimble swimmer 1), tentacles
a: Begin Untransformation, Renounce Religion, Stomp


You were on level 7 of the Dungeon.
You worshipped Uskayaw.
Uskayaw was noncommittal.
You were something dangerously unstable.
You visited 2 branches of the dungeon, and saw 8 of its levels.

You collected 363 gold pieces.

Inventory:

Missiles
 g - 3 throwing nets (quivered)
Armour
 d - a +1 hat (worn)
Jewellery
 h - an amulet of reflection (around mantle)
 s - a +5 ring of evasion (left tentacle)
Talismans
 b - a beast talisman
 c - a flux talisman (active)
Wands
 j - a wand of roots (10)
 q - a wand of polymorph (6)
Scrolls
 f - a scroll of poison
 l - 2 scrolls of blinking
 t - a scroll of fear
 v - a scroll of vulnerability
 x - a scroll of fog
Potions
 a - 3 potions of lignification
 i - 3 potions of heal wounds {unknown}
 k - a potion of haste {unknown}
 n - 3 potions of brilliance {unknown}
 o - 3 potions of curing {unknown}
 p - a potion of mutation {unknown}
 r - a potion of degeneration {unknown}
 w - a potion of enlightenment {unknown}


   Skills:
 - Level 1.0 Fighting
 - Level 2.0 Dodging
 - Level 11.0 Stealth
 * Level 8.4 Unarmed Combat
 + Level 1.8 Invocations
 - Level 7.0 Shapeshifting


You had 8 spell levels left.
You didn't know any spells.
Your spell library contained the following spells:

 Spells                   Type           Power      Damage    Failure   Level
 Apportation              Tloc           0%         N/A       32%         1
 Necrotise                Necr           0%         1d4       32%         1
 Sting                    Conj/Alch      0%         1d3       32%         1
 Summon Small Mammal      Summ           0%         N/A       32%         1
 Cigotuvi's Dreadful Rot  Necr/Alch/Air  0%         N/A       45%         2
 Mercury Vapours          Alch/Air       0%         N/A       45%         2
 Static Discharge         Conj/Air       0%         3-3/arc   45%         2
 Mephitic Cloud           Conj/Alch/Air  0%         N/A       69%         3
 Airstrike                Air            0%         2d(0-16)  97%         4
 Ignite Poison            Fire/Alch      0%         N/A       97%         4
 Summon Lightning Spire   Summ/Air       0%         N/A       97%         4
 Freezing Cloud           Conj/Ice/Air   0%         6-21      100%        5


Dungeon Overview and Level Annotations

Branches:
Dungeon (7/15)             Temple (1/1) D:6

Altars:
Ashenzari
Cheibriados
Dithmenos
Fedhas
Gozag
Hepliaklqana
Kikubaaqudgha
Makhleb
Nemelex Xobeh
Okawaru
Ru
Sif Muna
Trog
Uskayaw
Vehumet
Wu Jian
Xom
Yredelemnul
Zin

Shops:
D:3 [


Innate Abilities, Weirdness & Mutations

You are something dangerously unstable.
You glow with magical radiation, making you easy to see and hit.
Foes you strike become dangerously contaminated with magical radiation.
You are incapable of wielding weapons or throwing items.
You cannot wear most types of armour.
You are amphibious.
You can wear up to eight rings at the same time.
Your skin changes colour to match your surroundings (Stealth+).
Your rubbery body absorbs attacks. (AC +1, EV +1)
((You are camouflaged when in or above water. (Stealth+)))
You have tentacles for arms and can constrict up to eight enemies at once.


Message History

The gnoll sergeant barely misses you.
The orc priest invokes the aid of Beogh against you.
Beogh smites you!
The gnoll sergeant hits you with a +0 spear!
* * * LOW HITPOINT WARNING * * *
Unknown command.
You tentacle-slap the gnoll sergeant.
The gnoll sergeant begins to glow.
You grab the gnoll sergeant.
You squeeze the gnoll sergeant, but do no damage.
The gnoll sergeant is lightly wounded.
You constrict the gnoll sergeant.
The gnoll sergeant hits you with a +0 spear.
* * * LOW HITPOINT WARNING * * *
You tentacle-slap the gnoll sergeant.
The gnoll sergeant glows dangerously bright.
You squeeze the gnoll sergeant.
The gnoll sergeant is heavily wounded.
You constrict the gnoll sergeant, but do no damage.
The gnoll sergeant hits you with a +0 spear!
* * * LOW HITPOINT WARNING * * *
Unknown command.
Unknown command.
Unknown command.
Unknown command.
As you read the scroll of teleportation, it crumbles to dust.
You feel strangely unstable.
You constrict the gnoll sergeant, but do no damage.
The orc priest calls down the wrath of Beogh upon you.
Beogh smites you!
* * * LOW HITPOINT WARNING * * *
The gnoll sergeant closely misses you.
Unknown command.
Unknown command.
Unknown command.
Unknown command.
You are confused.
You feel invigorated.
You constrict the gnoll sergeant.
The orc priest invokes the aid of Beogh against you.
Beogh smites you!
You die...

. .. ######.. ##.#.....
#........
########.......#
#########..............#
#...oggp..).............
#...g######...#.....†...
#...## ##..#.........
#...# ##.##...###.#
#....# #..#..## . #.....
#.....# #....# #...#.#
#...g# ##.#.#.# #....#
##..#...#


You could see a gnoll sergeant (heavy contam), an orc priest and 2 gnolls.

Vanquished Creatures
  A shadow (D:6)
  Edmund (D:6)
  An acid dragon (D:7)
  2 ice beasts
  A black bear (D:6)
  An ogre (D:5)
  A boggart (D:7)
  A centaur (D:7)
  A phantom (D:5)
  A bullfrog (D:7)
  A gnoll sergeant (D:7)
  2 scorpions
  A water moccasin skeleton (D:5)
  6 killer bees (D:7)
  2 howler monkeys
  A bombardier beetle (D:5)
  2 bullfrog zombies (D:5)
  11 hounds
  2 gnoll boudas (D:7)
  An orc priest (D:7)
  3 jellies
  A bullfrog skeleton (D:5)
  2 iguanas
  A scorpion zombie (D:5)
  Natasha (thrice) (D:3)
  A hound zombie (D:5)
  A hound skeleton (D:5)
  2 howler monkey zombies (D:5)
  4 adders
  20 gnolls
  A shadow imp (D:5)
  A white imp (D:7)
  4 ufetubi
  A ribbon worm (D:4)
  2 dart slugs
  11 orcs
  10 ball pythons
  9 endoplasms
  3 giant cockroaches
  7 goblins
  3 hobgoblins
  10 jackals
  6 kobolds
  2 quokkas
  A bat (D:1)
  5 frilled lizards
  2 rats
156 creatures vanquished.

Notes
Turn   | Place    | Note
-------+----------+-------------------------------------------
     0 | D:1      | Cheops the Octopode Shapeshifter began the quest for the
                  | Orb.
     0 | D:1      | Reached XP level 1. HP: 13/13 MP: 1/1
    95 | D:1      | Found a faded altar of an unknown god.
   108 | D:1      | Reached XP level 2. HP: 18/18 MP: 2/2
   714 | D:1      | Reached XP level 3. HP: 21/23 MP: 3/3
  1295 | D:2      | Reached XP level 4. HP: 15/28 MP: 4/4
  1472 | D:2      | Reached skill level 5 in Unarmed Combat
  2315 | D:3      | Found Urral's Armour Boutique.
  2471 | D:3      | Found an ornate altar of the Wu Jian Council.
  2482 | D:3      | Noticed Natasha
  2489 | D:3      | Killed Natasha
  2490 | D:3      | Reached XP level 5. HP: 25/33 MP: 5/5
  2643 | D:3      | Identified the +2 pair of gloves of Immorality {Fly Dex+2}
  2655 | D:3      | Noticed Natasha
  2664 | D:3      | Killed Natasha
  2908 | D:3      | Found an ornate altar of the Wu Jian Council.
  2964 | D:3      | Found Urral's Armour Boutique.
  3000 | D:3      | Noticed Natasha
  3015 | D:3      | Killed Natasha
  3434 | D:4      | Reached XP level 6. HP: 38/38 MP: 6/6
  3450 | D:4      | Reached skill level 5 in Shapeshifting
  4197 | D:5      | Entered Level 5 of the Dungeon
  4249 | D:5      | Reached XP level 7. HP: 42/43 MP: 7/7
  4438 | D:5      | Reached skill level 1 in Stealth
  4453 | D:5      | Reached skill level 2 in Stealth
  4517 | D:5      | Reached skill level 3 in Stealth
  4578 | D:5      | Reached skill level 4 in Stealth
  4578 | D:5      | Reached XP level 8. HP: 40/48 MP: 8/8
  4584 | D:5      | Reached skill level 5 in Stealth
  4962 | D:6      | Reached skill level 6 in Stealth
  5230 | D:6      | Noticed a shadow
  5237 | D:6      | Killed a shadow
  5238 | D:6      | Reached skill level 7 in Stealth
  5243 | D:6      | Noticed Edmund
  5253 | D:6      | Killed Edmund
  5329 | D:6      | Found a hazy altar of Hepliaklqana.
  5373 | D:6      | Reached skill level 8 in Stealth
  5578 | D:6      | Found a snail-covered altar of Cheibriados.
  5638 | D:6      | Found a staircase to the Ecumenical Temple.
  5653 | Temple   | Entered the Ecumenical Temple
  5669 | Temple   | Became a worshipper of Uskayaw the Reveller
  5721 | D:7      | Reached * piety under Uskayaw
  5768 | D:7      | Reached ** piety under Uskayaw
  5772 | D:7      | Reached *** piety under Uskayaw
  5858 | D:7      | Reached XP level 9. HP: 4/53 MP: 0/9
  5864 | D:7      | HP: 2/53 [gnoll/stone (4)]
  6056 | D:7      | Reached skill level 9 in Stealth
  6222 | D:7      | Reached **** piety under Uskayaw
  6390 | D:7      | Reached skill level 10 in Stealth
  6704 | D:7      | Found a broken altar of Ashenzari.
  6848 | D:7      | Identified a scroll of acquirement
  6852 | D:7      | Acquired a manual of Invocations
  6880 | D:7      | Reached skill level 1 in Invocations
  6891 | D:7      | Reached skill level 11 in Stealth
  6914 | D:7      | Killed from afar by an orc priest

Illustrated notes

Levels and vault maps discovered:
D:1:      amcnicky_arrival_choice, layout_basic, basic_ecumenical_altar,
          serial_aquarium, aquarium_bridge_square [aquarium_subvault_balcony,
          aquarium_subvault_wall, aquarium_subvault_bridge,
          aquarium_subvault_wall], aquarium_window_1, aquarium_window_1,
          aquarium_view_2b, aquarium_view_2d, aquarium_pool_five,
          roderic_serpentine_path
D:2:      layout_loops_ring, serial_forest, infiniplex_forest_corner_1,
          infiniplex_forest_diagonal, infiniplex_forest_clump_C,
          infiniplex_forest_clump_diagonal, infiniplex_forest_lined_2,
          infiniplex_forest_3_way, infiniplex_forest_straight_2,
          infiniplex_forest_lined_room_
D:3:      layout_basic, mainiacjoe_overflow_boulevard, serial_shops, shop,
          uniq_natasha
D:4:      minmay_recursive_quarters, layout_basic
D:5:      layout_basic, serial_undead, serial_undead_b, serial_undead_e,
          serial_undead_b, serial_undead_f
D:6:      layout_loops_cross, overflow_temple_1_default,
          mainiacjoe_overflow_alcove_2, temple_statues, uniq_edmund
D:7:      layout_cave_pools, mainiacjoe_overflow_surrounded_room,
          serial_gnoll_camp, gnoll_camp_huts_basic, gnoll_camp_medium_02,
          gnoll_camp_mini_basic, gnoll_camp_mini_basic,
          chequers_serial_rivers_marsh
Temple:   eino_wide_crystal_templ

Skill      XL: |  1  2  3  4  5  6  7  8  9 |
---------------+----------------------------+-----
Unarmed Combat | 4 5 6 8 |  8.4
Shapeshifting  | 4 6 7 |  7.0
Stealth        | 4 8 11 | 11.0
Invocations    | 1 |  1.8
Fighting       | |  1.0
Dodging        | |  2.0

Action                     |  1- 3 |  4- 6 |  7- 9 || total
---------------------------+-------+-------+-------++-------
  Melee: Unarmed           |    47 |    93 |   254 ||   394
         Constrict         |    16 |    21 |    67 ||   104
         Tentacles         |    13 |    14 |    67 ||    94
         Punch             |     2 |     3 |     3 ||     8
Ability: Begin Untransform |     1 |       |     1 ||     2
  Evoke: Wand              |       |       |     2 ||     2
    Use: Scroll            |       |       |    14 ||    14
         Potion            |       |       |     1 ||     1
   Stab: Sleeping          |     8 |     5 |     4 ||    17
         Paralysed         |       |       |     8 ||     8
         Distracted        |       |       |     1 ||     1
 Armour: Skin              |    12 |    15 |    58 ||    85
  Dodge: Dodged            |    19 |    36 |   202 ||   257
  Block: Other             |     1 |    15 |    60 ||    76
         Reflection        |       |       |     1 ||     1
   Form: Beast             |     1 |       |       ||     1
         Flux              |       |       |     2 ||     2
